 Dungeon Crawl Stone Soup version 0.21-a0-583-g2c32b0fbb7 (webtiles) character file.

1217 GordonOverkill the Chopper (level 8, -2/62 HPs)
             Began as a Mummy Artificer on Dec 20, 2017.
             Was an Initiate of Gozag.
             Slain by a wight
             ... wielding a cursed +3 halberd of freezing
              (13 damage)
             ... on level 7 of the Dungeon.
             The game lasted 00:14:48 (7119 turns).

GordonOverkill the Chopper (Mummy Artificer)        Turns: 7119, Time: 00:14:48

Health: -2/62      AC: 10    Str: 17    XL:     8   Next: 22%
Magic:  11/11      EV:  7    Int: 10    God:    Gozag
Gold:   340        SH:  0    Dex: 16    Spells: 7/7 levels left

rFire    + . .     SeeInvis .   l - +0 war axe
rCold    + . .     Gourm    .   (no shield)
rNeg     + + +     Faith    .   k - +0 chain mail {rF+}
rPois    ∞         Spirit   .   n - +0 helmet
rElec    .         Reflect  .   (no cloak)
rCorr    .         Harm     .   (no gloves)
MR       +....                  o - +0 pair of boots
Stlth    ..........             m - amulet of regeneration
HPRegen  0.60/turn              p - ring of protection from fire
MPRegen  0.12/turn              q - +3 ring of dexterity

@: gold aura
A: no food or potions, fire vulnerability, cold resistance 1, negative energy
resistance 3, torment resistance, unbreathing
a: Potion Petition, Call Merchant, Bribe Branch, Renounce Religion


You were on level 7 of the Dungeon.
You worshipped Gozag.
Gozag was aware of your devotion.
You were not hungry.

You visited 2 branches of the dungeon, and saw 8 of its levels.

You collected 420 gold pieces.
You paid 80 gold pieces to Gozag.

Inventory:

Hand Weapons
 c - a +0 morningstar
 l - a +0 war axe (weapon)
Armour
 h - a +0 plate armour
 k - a +0 chain mail of fire resistance (worn)
 n - a +0 helmet (worn)
 o - a +0 pair of boots (worn)
Jewellery
 m - an amulet of regeneration (around neck)
 p - a ring of protection from fire (left hand)
 q - a +3 ring of dexterity (right hand)
Wands
 d - a wand of enslavement (3)
 r - a wand of acid (4)
Scrolls
 b - 2 scrolls of immolation
 e - a scroll of remove curse
 f - 2 scrolls of teleportation
 g - a scroll of enchant armour


   Skills:
 - Level 5.0 Fighting
   Level 0.7 Short Blades
 + Level 5.3 Axes
 - Level 1.5 Dodging
 - Level 0.7 Stealth
 - Level 5.0 Evocations


You had 7 spell levels left.
You didn't know any spells.

Dungeon Overview and Level Annotations

Branches:
Dungeon (7/15)             Temple (1/1) D:5

Altars:
Elyvilon
Gozag
Hepliaklqana
Kikubaaqudgha
Makhleb
Nemelex Xobeh
Okawaru
Ru
Sif Muna
Trog
Uskayaw
Vehumet
Wu Jian
Xom
Yredelemnul
Zin
The Shining One

Annotations:
D:5 1 runed door


Innate Abilities, Weirdness & Mutations

You do not eat or drink.
Your flesh is vulnerable to fire.
You are immune to poison.
Your flesh is cold resistant. (rC+)
You are immune to negative energy. (rN+++)
You are immune to unholy pain and torment.
You can survive without breathing.


Message History

You closely miss the wight. The wight barely misses you. x2
You hit the wight but do no damage. The wight hits you but does no damage.
The wight hits you with a dire flail.
You slash the wight!
The wight is almost destroyed.
The wight hits you from afar with a halberd of freezing!
The wight hits you with a dire flail.
You hit the wight but do no damage.
The wight is almost destroyed.
The wight hits you from afar with a halberd of freezing!
* * * LOW HITPOINT WARNING * * *
The wight freezes you.
* * * LOW HITPOINT WARNING * * *
The wight hits you with a dire flail.
* * * LOW HITPOINT WARNING * * *
You closely miss the wight.
The wight is almost destroyed.
The wight hits you from afar with a halberd of freezing!
You die...
Your body crumbles into a pile of gold.

<...###.# #######
###.###.#### #.....#
...........###.....#
###.###.##.........#
#.##...#####.....#
#.#.....# #.....#
#.##...## ###.###
#.###.## #.# ..# #.#
#@# ## #.# #z# #z#
#.# #.## #.$# #..%#
....... ###...###


You could see 2 wights.

Vanquished Creatures
  An ogre (D:4)
  2 centaurs (D:5)
  A scorpion (D:5)
  2 wights (D:7)
  A howler monkey (D:5)
  3 crimson imps
  2 hounds
  A centaur skeleton (D:4)
  2 orc priests (D:3)
  2 jellies
  3 orc wizards
  3 worker ants
  2 hound skeletons (D:5)
  A hound zombie (D:5)
  Robin (D:3)
  2 gnolls (D:2)
  9 adders
  2 shadow imps (D:5)
  An adder zombie (D:5)
  2 worms
  4 dart slugs
  7 leopard geckos
  15 orcs
  2 ball pythons
  5 giant cockroaches
  16 goblins
  8 hobgoblins
  6 jackals
  2 quokkas
  9 bats
  7 frilled lizards
  7 kobolds
  A leopard gecko skeleton (D:4)
  5 rats
137 creatures vanquished.

Vanquished Creatures (collateral kills)
  A worker ant (D:4)
  A gnoll (D:2)
  2 leopard geckos (D:4)
  4 orcs
  A ball python (D:2)
  A jackal skeleton (D:4)
  2 rats (D:2)
12 creatures vanquished.

Vanquished Creatures (others)
  An iguana (D:4)
  A gnoll (D:2)
  A hobgoblin (D:2)
3 creatures vanquished.

Grand Total: 152 creatures vanquished

Notes
Turn   | Place    | Note
-------+----------+-------------------------------------------
     0 | D:1      | GordonOverkill the Mummy Artificer began the quest for the Orb.
     0 | D:1      | Reached XP level 1. HP: 15/15 MP: 2/2
   409 | D:1      | Reached XP level 2. HP: 17/21 MP: 4/4
  1246 | D:1      | Reached XP level 3. HP: 27/27 MP: 5/5
  1994 | D:2      | Reached XP level 4. HP: 24/34 MP: 6/6
  2556 | D:3      | Noticed Robin
  3320 | D:3      | Reached XP level 5. HP: 41/41 MP: 7/7
  3336 | D:3      | Killed Robin
  4145 | D:3      | HP: 2/42 [orc priest/morningstar (7)]
  4575 | D:3      | Reached skill level 1 in Axes
  4770 | D:4      | Noticed a hornet
  4920 | D:3      | Reached XP level 6. HP: 48/48 MP: 9/9
  5203 | D:4      | Found an ancient bone altar of Kikubaaqudgha.
  5521 | D:4      | Found a sparkling altar of Nemelex Xobeh.
  5826 | D:5      | Entered Level 5 of the Dungeon
  5829 | D:5      | Reached XP level 7. HP: 51/55 MP: 10/10
  5898 | D:5      | Found a deep blue altar of Sif Muna.
  5981 | D:5      | Reached skill level 5 in Fighting
  6008 | D:5      | Reached skill level 5 in Evocations
  6027 | D:5      | Found a staircase to the Ecumenical Temple.
  6061 | Temple   | Entered the Ecumenical Temple
  6079 | Temple   | Became a worshipper of Gozag Ym Sagoz the Greedy
  6482 | D:5      | Found a runed door.
  6545 | D:5      | Found a shimmering altar of Xom.
  6840 | D:6      | Reached XP level 8. HP: 60/62 MP: 11/11
  7034 | D:7      | Reached skill level 5 in Axes
  7119 | D:7      | Slain by a wight

Vault maps used:
D:1:      roderic_chinese_lattice_arrival
D:2:      kennysheep_small_spiral
D:3:      uniq_robin
D:4:      lemuel_coloured_pillars_altar, nemelex_altar_shiori, first_ration
D:5:      kennysheep_mini_moat, temple_statues, lemuel_statue_altar,
          uniq_crazy_yiuf_cottage
D:6:      nicolae_qazlal_eye_of_the_storm, portal_sewer_entry_c
Temple:   eino_temple_water

Skill      XL: |  1  2  3  4  5  6  7  8 |
---------------+-------------------------+-----
Fighting       | 2 3 4 5 |  5.0
Evocations     | 3 4 5 |  5.0
Axes           | 1 2 4 5 |  5.3
Short Blades   | |  0.7
Dodging        | |  1.5
Stealth        | |  0.7

Action                   |  1- 3 |  4- 6 |  7- 9 || total
-------------------------+-------+-------+-------++-------
Melee: Short sword       |   162 |    13 |       ||   175
       Flail             |       |    25 |       ||    25
       War axe           |       |   183 |   200 ||   383
Evoke: Wand              |     9 |    32 |     1 ||    42
  Use: Scroll            |       |       |     6 ||     6
 Stab: Sleeping          |     2 |       |       ||     2
       Paralysed         |       |     1 |       ||     1
Armor: Leather armour    |    43 |       |       ||    43
       Ring mail         |    18 |    68 |       ||    86
       Chain mail        |       |    90 |   146 ||   236
Dodge: Dodged            |   106 |   190 |   103 ||   399

Table legend:
 A = Spawn XP
 B = Non-spawn XP
 C = Spawn XP percentage of total XP
 D = Spawn monster count
 E = Non-spawn monster count
 F = Spawn count percentage of total count
 G = Total turns spent on level
                    A         B        C        D         E        F      G
               +---------+---------+-------+---------+---------+-------+---------
         Total |       0 |    1739 |   0.0 |       0 |     150 |   0.0 |  7119
               +---------+---------+-------+---------+---------+-------+---------
           D:1 |       0 |      43 |   0.0 |       0 |      23 |   0.0 |  1429
           D:2 |       0 |     150 |   0.0 |       0 |      50 |   0.0 |  2774
           D:3 |       0 |     187 |   0.0 |       0 |      20 |   0.0 |   901
           D:4 |       0 |     337 |   0.0 |       0 |      20 |   0.0 |   722
           D:5 |       0 |     656 |   0.0 |       0 |      23 |   0.0 |   787
           D:6 |       0 |     209 |   0.0 |       0 |      11 |   0.0 |   124
           D:7 |       0 |     157 |   0.0 |       0 |       3 |   0.0 |   167
               +---------+---------+-------+---------+---------+-------+---------
